 Dungeon Crawl Stone Soup version 0.13.0-27-gc65393c (webtiles) character file.

712 M4edhros the Covert (level 7, -13/44 HPs)
             Began as an Octopode Artificer on Nov 2, 2013.
             Killed from afar by a deep dwarf (25 damage)
             ... with a wand of fire
             ... on Level 6 of the Dungeon.
             The game lasted 00:06:48 (3978 turns).

M4edhros the Covert (Octopode Artificer)            Turns: 3978, Time: 00:06:49

HP -13/44        AC  1     Str 11      XL: 7   Next: 39%
MP  10/10        EV 12     Int 16      God:
Gold 120         SH  0     Dex 12      Spells:  0 memorised,  6 levels left

Res.Fire  : . . .   See Invis. : .   j - +2,+1 dagger (freeze)
Res.Cold  : . . .   Warding    : .   (no shield)
Life Prot.: + . .   Conserve   : .   (helmet restricted)
Res.Poison: .       Res.Corr.  : .   (no amulet)
Res.Elec. : .       Clarity    : .   r - ring of sustain abilities {unknown}
Sust.Abil.: + .     Spirit.Shd : .   s - ring of positive energy {unknown}
Res.Mut.  : .       Stasis     : .   (no ring)
Res.Rott. : .       Flight     : .   (no ring)
Saprovore : . . .                    (no ring)
                                     (no ring)
                                     (no ring)
                                     (no ring)

@: slightly resistant to hostile enchantments, extremely stealthy
A: almost no armour, amphibious, 8 rings, constrict 8, camouflage 1, AC +1
a: no special abilities


You were on level 6 of the Dungeon.
You were not hungry.

You visited 1 branch of the dungeon, and saw 6 of its levels.

You collected 100 gold pieces.

Inventory:

Hand weapons
 a - a +0,+0 short sword
 e - a +1,+1 whip of reaching
 j - a +2,+1 dagger of freezing (weapon)
Magical devices
 b - a wand of flame (10)
 c - a wand of enslavement (5)
 d - a wand of random effects (6)
 m - a wand of flame (8)
 p - a wand of polymorph (9)
Comestibles
 f - 2 bread rations
 i - 2 chokos
 l - an orange
 q - 2 meat rations
 u - a pear
Scrolls
 o - a scroll of fear
 v - 2 scrolls of remove curse {unknown}
Jewellery
 r - a ring of sustain abilities (left tentacle) {unknown}
 s - a ring of positive energy (right tentacle) {unknown}
Potions
 h - a potion of brilliance {unknown}
 k - 2 potions of poison {unknown}
 n - a potion of might
 w - a potion of restore abilities {unknown}
Books
 t - a book of Clouds

   Spells                             Type                      Level
   Mephitic Cloud                     Conjuration/Poison/Air       3
   Conjure Flame                      Conjuration/Fire             3
   Poisonous Cloud                    Conjuration/Poison/Air       6
   Freezing Cloud                     Conjuration/Ice/Air          6
   Ring of Flames                     Charms/Fire                  7


   Skills:
 - Level 1.0 Fighting
 - Level 1.0 Short Blades
 - Level 2.0 Dodging
 + Level 10.9 Stealth
 - Level 3.2 Evocations


You had 6 spell levels left.
You didn't know any spells.

Dungeon Overview and Level Annotations

Branches:
Dungeon (6/27)
 Temple: D:4-7          Orc: D:6-11

Altars:
Kikubaaqudgha
Sif Muna
Xom
Zin

Shops:
D:4 +}   D:5 [


Innate Abilities, Weirdness & Mutations

You cannot wear most types of armour.
You are amphibious.
You can wear up to eight rings at the same time.
You can use your tentacles to constrict many enemies at once.
Your skin changes colour to match your surroundings (Stlth).
Your rubbery body absorbs attacks (AC +1).


Message History

You constrict the deep dwarf. The deep dwarf barely misses you.
You hit the deep dwarf.
The deep dwarf is moderately wounded.
You constrict the deep dwarf, but do no damage.
The deep dwarf hits you.
You hit the deep dwarf. You freeze the deep dwarf.
The deep dwarf is heavily wounded.
You constrict the deep dwarf. The deep dwarf hits you!
* * * LOW HITPOINT WARNING * * *
Drink which item? (? for menu, Esc to quit)
You feel much better.
You constrict the deep dwarf.
The deep dwarf zaps a wand.
The bolt of fire hits you!
* * * LOW HITPOINT WARNING * * *
You hit the deep dwarf.
The deep dwarf is heavily wounded.
You constrict the deep dwarf.
The deep dwarf zaps a wand.
The bolt of fire hits you!
Your scroll labeled XORUIBL DARUCOV catches fire!
Ouch! That really hurt!
You die...

.....# #........ .....# #........
###'## # #........ #.# #.#
#........ #.# #.# #####'### #.#
#.# #.# #.# #####.####### #.# #.#
###.....q.....# #.#
###.####.'......@....# #####'###
..?...#..#....?......# #.......#
......#.##...........'..#.......#
........##...........##.#.......#
......####...........# +.......#
......# #...........# #.......#
......# #......?....# #.......#
......# #<.......... #.......#
......# #........ ######'##


You could see a deep dwarf.

Vanquished Creatures
  An ogre (D:6)
  A phantom (D:4)
  A giant frog (D:6)
  A crimson imp (D:5)
  2 orc wizards
  A scorpion (D:3)
  4 worker ants
  An iguana (D:5)
  6 adders
  A giant centipede (D:4)
  2 worms (D:4)
  An adder skeleton (D:6)
  2 giant eyeballs
  A giant gecko (D:1)
  5 orcs
  A ball python (D:5)
  8 bats
  7 hobgoblins
  3 jackals (D:1)
  2 giant newts (D:4)
  A giant newt zombie (D:5)
  5 goblins
  A hobgoblin skeleton (D:6)
  5 kobolds
  7 rats
70 creatures vanquished.

Vanquished Creatures (collateral kills)
  2 orcs (D:5)
  A kobold (D:1)
  A rat (D:1)
4 creatures vanquished.

Grand Total: 74 creatures vanquished

Notes
Turn   | Place    | Note
--------------------------------------------------------------
     0 | D:1      | M4edhros, the Octopode Artificer, began the quest for the Orb.
     0 | D:1      | Reached XP level 1. HP: 14/14 MP: 1/1
    56 | D:1      | Reached XP level 2. HP: 2/19 MP: 3/3
   430 | D:4      | Reached skill level 4 in Stealth
   430 | D:4      | Reached XP level 3. HP: 24/24 MP: 4/4
   702 | D:4      | Found a deep blue altar of Sif Muna.
   703 | D:4      | Found an ancient bone altar of Kikubaaqudgha.
   715 | D:4      | Reached skill level 5 in Stealth
   715 | D:4      | Reached XP level 4. HP: 9/29 MP: 6/6
   720 | D:4      | Found Cabraic's Book Shop.
  1036 | D:4      | Reached skill level 6 in Stealth
  1048 | D:4      | Paralysed by a giant eyeball for 3 turns
  1072 | D:4      | Reached XP level 5. HP: 5/34 MP: 7/7
  1320 | D:4      | Found Hammata's Gadget Emporium.
  1463 | D:4      | Noticed a phantom
  1493 | D:3      | Reached skill level 7 in Stealth
  1735 | D:4      | Killed a phantom
  1735 | D:4      | Reached skill level 8 in Stealth
  1735 | D:4      | Reached XP level 6. HP: 19/39 MP: 9/9
  2240 | D:5      | Entered Level 5 of the Dungeon
  2409 | D:5      | Found an ancient bone altar of Kikubaaqudgha.
  2423 | D:5      | HP: 1/39 [orc/orcish hand axe (7)]
  2728 | D:5      | Found Blas' Antique Armour Boutique.
  2752 | D:5      | Paralysed by a giant eyeball for 3 turns
  2758 | D:5      | Paralysed by a giant eyeball for 3 turns
  2780 | D:5      | Reached skill level 9 in Stealth
  3064 | D:5      | Found a shimmering altar of Xom.
  3431 | D:5      | Found a glowing silver altar of Zin.
  3617 | D:6      | Reached skill level 10 in Stealth
  3617 | D:6      | Reached XP level 7. HP: 38/44 MP: 10/10
  3978 | D:6      | Killed from afar by a deep dwarf

Action                   |  1- 3 |  4- 6 |  7- 9 || total
-------------------------+-------+-------+-------++-------
Melee: Short sword       |    11 |       |       ||    11
       Whip              |    16 |       |       ||    16
       Dagger            |    15 |   113 |    21 ||   149
Evoke: Wand              |     3 |    16 |     6 ||    25
  Use: Potion            |     1 |     3 |     1 ||     5
       Scroll            |       |       |     7 ||     7
 Stab: Sleeping          |     6 |     8 |     9 ||    23
